 Dungeon Crawl Stone Soup version 0.31-a0-128-g25add195a6 (webtiles) character file.

Game seed: 15814920004407090808

522 Drazool the Carver (level 7, 0/93 HPs)
             Began as a Naga Berserker on June 1, 2023.
             Was a Believer of Trog.
             Slain by a troll (1 damage)
             ... on level 5 of the Dungeon.
             The game lasted 00:08:57 (3715 turns).

Drazool the Carver (Naga Berserker)                 Turns: 3715, Time: 00:08:59

Health: 0/93       AC:  6    Str: 20    XL:     7   Next: 22%
Magic:  7/7        EV:  6    Int:  7    God:    Trog [**....]
Gold:   103        SH:  0    Dex: 12    Spells: 6/6 levels left

rFire   . . .        a - +0 falchion
rCold   . . .        (no shield)
rNeg    . . .        d - +0 chain mail
rPois   +            (no helmet)
rElec   .            (no cloak)
rCorr   .            (no gloves)
SInv    +            (no barding)
Will    .....        l - amulet of the acrobat Stlth
                     (no ring)
HPRegen 0.35/turn    (no ring)
MPRegen 0.10/turn

%: acrobat
@: berserking, quick
A: AC +2, large, see invisible, deformed body, poison resistance, slowness 2,
spit poison 1, naga tail 1
a: Spit Poison, Renounce Religion, Berserk, Trog's Hand


You were on level 5 of the Dungeon.
You worshipped Trog.
Trog was pleased with you.
You visited 1 branch of the dungeon, and saw 5 of its levels.

You collected 103 gold pieces.


Innate Abilities, Weirdness & Mutations

Your serpentine skin is tough. (AC +2)
You have supernaturally acute eyesight. (SInv)
Armour fits poorly on your strangely shaped body.
Your system is resistant to poisons. (rPois)
You cover ground very slowly.
You can spit poison.
You have a snake-like lower body.


   Skills:
 - Level 3.0 Fighting
 + Level 8.0 Long Blades
 - Level 1.5 Armour
 - Level 1.5 Dodging


You had 6 spell levels left.
You didn't know any spells.
Your spell library was empty.

Inventory:

Hand Weapons
 a - a +0 falchion (weapon)
Armour
 b - a +0 animal skin
 d - a +0 chain mail (worn)
 u - a +0 pair of gloves
Jewellery
 l - an amulet of the acrobat (around neck)
 s - an amulet of magic regeneration
 M - a ring of magical power
Wands
 p - a wand of mindburst (16)
 r - a wand of polymorph (11)
Scrolls
 j - a scroll of blinking
 m - 2 scrolls of teleportation {@r2}
 n - 2 scrolls of silence {!r}
Potions
 c - 2 potions of enlightenment
 e - 2 potions of curing {unknown}
 g - a potion of heal wounds {unknown}
 h - 2 potions of attraction
 i - 2 potions of might
 k - 2 potions of cancellation
 o - a potion of magic {unknown}
 q - a potion of mutation {unknown}
 t - a potion of lignification {unknown}

Dungeon Overview and Level Annotations

Branches:
Dungeon (5/15)             Temple (0/1) D:4

Altars:
Nemelex Xobeh
Yredelemnul

*,*,,,,,*,,,,......# #.........
*,***,*##,,####....###..#.##.##
*,* **,*.....................##
*,* *,,**!..,.................[
*,* **,**#.#**#.#..............
*,***,####.####......##.#.##...
*,*,,,...............##.#.##.##
***,*******#....T5..#..##.#.##.##
,,,,* #....@).▓▓▓▓▓▓▓▓▓▓▓▓##
***********#...)...▓~~~*~~~~~~▓..
***,,,,,,,,+......~▓~▓~*~*****▓..
,,,,,,,****#......~▓†▓~*~*~~~~▓##
******,* #.....~~~~▓~~~~~**~* #
*,* #......~▓~▓~******** #
******,*####......~~~▓~~~~~~~~* #
,,,,,,,............▓~▓******~** #
******,#########..~~~▓∩~~~~~~* #


You could see a troll and a white imp.


Message History

The troll claws you!
* * * LOW HITPOINT WARNING * * *
You closely miss the troll.
The troll is moderately wounded.
Unknown command.
You barely miss the troll.
The troll is moderately wounded.
The troll bites you but does no damage. The troll claws you but does no damage.
The troll claws you.
* * * LOW HITPOINT WARNING * * *
Unknown command.
You barely miss the troll.
The troll is moderately wounded.
Unknown command.
You slash the troll!
The troll is heavily wounded.
The white imp gestures at you. The puff of frost misses you.
The troll bites you.
* * * LOW HITPOINT WARNING * * *
The troll claws you!
* * * LOW HITPOINT WARNING * * *
The troll barely misses you.
You barely miss the troll.
The troll is heavily wounded.
The white imp hits you.
* * * LOW HITPOINT WARNING * * *
The white imp freezes you.
* * * LOW HITPOINT WARNING * * *
The troll bites you but does no damage. The troll claws you.
You die...

Skill      XL: |  1  2  3  4  5  6  7 |
---------------+----------------------+-----
Long Blades    | 4 6 7 8 |  8.0
Fighting       | |  3.0
Armour         | |  1.5
Dodging        | |  1.5

Action                     |  1- 3 |  4- 6 |  7- 9 || total
---------------------------+-------+-------+-------++-------
  Melee: Falchion          |    75 |    78 |    35 ||   188
         Punch             |       |     1 |       ||     1
 Invoke: Berserk           |     2 |     4 |     2 ||     8
Ability: Spit Poison       |    28 |    17 |     1 ||    46
    Use: Potion            |     3 |       |       ||     3
         Scroll            |     2 |     3 |     2 ||     7
 Armour: Chain mail        |    35 |    27 |    13 ||    75
         Animal skin       |     1 |       |       ||     1
  Dodge: Dodged            |    28 |    31 |    17 ||    76

Levels and vault maps discovered:
D:1:      enne_arrival_octagon_isle, layout_loops_corners
D:2:      layout_loops_ring, uniq_sigmund
D:3:      layout_basic, lemuel_tele_altar, overflow_temple_1_default,
          hellmonk_ecumenical_altar_crossroads
D:4:      layout_gridville, temple_hall, nicolae_half_adder
D:5:      layout_basic, nicolae_ru_the_path_less_chosen, minitemple,
          lightli_sewer_entry_pipes, minmay_shop_enchanted_jewellery,
          uniq_edmund, uniq_duvessa

Notes
Turn   | Place    | Note
-------+----------+-------------------------------------------
     0 | D:1      | Drazool the Naga Berserker began the quest for the Orb.
     0 | D:1      | Reached XP level 1. HP: 21/21 MP: 1/1
   339 | D:1      | Reached XP level 2. HP: 25/28 MP: 2/2
   699 | D:1      | Reached skill level 4 in Long Blades
   763 | D:1      | Reached XP level 3. HP: 34/34 MP: 3/3
  1260 | D:2      | Reached ** piety under Trog
  1378 | D:2      | Noticed Sigmund
  1391 | D:2      | Killed Sigmund
  1392 | D:2      | Reached skill level 6 in Long Blades
  1392 | D:2      | Reached XP level 4. HP: 42/42 MP: 4/4
  1392 | D:2      | Reached XP level 5. HP: 49/49 MP: 5/5
  1601 | D:2      | Reached XP level 6. HP: 56/56 MP: 6/6
  1840 | D:3      | Found a faded altar of an unknown god.
  2191 | D:3      | Found a sparkling altar of Nemelex Xobeh.
  2207 | D:3      | Found a basalt altar of Yredelemnul.
  2977 | D:4      | Found a staircase to the Ecumenical Temple.
  2999 | D:4      | Reached skill level 7 in Long Blades
  3068 | D:4      | Reached XP level 7. HP: 36/62 MP: 7/7
  3575 | D:5      | Entered Level 5 of the Dungeon
  3703 | D:5      | Noticed a troll
  3709 | D:5      | Reached skill level 8 in Long Blades
  3714 | D:5      | HP: 7/93 [troll (7)]
  3715 | D:5      | HP: 1/93 [white imp (3)]
  3715 | D:5      | Slain by a troll

Vanquished Creatures
  Sigmund (D:2)
  An ogre (D:4)
  A centaur (D:5)
  2 iguanas (D:4)
  7 adders
  A worm (D:2)
  4 dart slugs
  An orc (D:4)
  4 ball pythons
  3 bats (D:2)
  10 endoplasms
  6 giant cockroaches
  4 goblins
  6 hobgoblins
  A quokka (D:1)
  5 frilled lizards
  6 kobolds
  3 rats (D:1)
66 creatures vanquished.

Table legend: (Time is in decaauts)
 A = Elapsed time spent in this place.
 B = Non-inter-level travel time spent in this place.
 C = Inter-level travel time spent in this place.
 D = Time resting spent in this place.
 E = Time spent auto-exploring this place.
 F = Levels seen in this place.
 G = Mean time per level.
                   A        B        C        D        E       F      G
               +--------+--------+--------+--------+--------+-----+--------+
         Total |   4848 |   4641 |    207 |    270 |   3720 |   5 |  969.6 |
       Dungeon |   4848 |   4641 |    207 |    270 |   3720 |   5 |  969.6 |
               +--------+--------+--------+--------+--------+-----+--------+

Top non-repeatable levels by time:
     D:1: 1546 daAuts
     D:4: 1324 daAuts
     D:3: 968 daAuts
     D:2: 853 daAuts
     D:5: 155 daAuts

Table legend:
 A = Non-vault XP
 B = Vault XP
 C = Vault XP percentage of total XP
 D = Non-vault monster count
 E = Vault monster count
 F = Vault count percentage of total count
                 A         B        C        D         E       F
            +---------+---------+-------+---------+---------+-------
      Total |     427 |     320 |  42.8 |      59 |       7 |  10.6
            +---------+---------+-------+---------+---------+-------
        D:1 |      39 |       0 |   0.0 |      24 |       0 |   0.0
        D:2 |      41 |     239 |  85.4 |      19 |       1 |   5.0
        D:3 |      13 |       0 |   0.0 |       6 |       0 |   0.0
        D:4 |     224 |      68 |  23.3 |       9 |       5 |  35.7
        D:5 |     110 |      13 |  10.6 |       1 |       1 |  50.0
            +---------+---------+-------+---------+---------+-------
